 Dungeon Crawl Stone Soup version 0.30-a0-279-g4b46babb21 (webtiles) character file.

Game seed: 17536289694666926958

40 RascalDebosk the Magician (level 3, -1/24 (29) HPs)
             Began as a Djinni Reaver on Oct 17, 2022.
             Slain by a hobgoblin
             ... wielding a +0 whip
              (2 damage)
             ... on level 2 of the Dungeon.
             The game lasted 00:06:12 (1137 turns).

RascalDebosk the Magician (Djinni Reaver)           Turns: 1137, Time: 00:06:12

HP:   -1/24 (29)    AC:  3    Str: 11    XL:     3   Next: 72%
Gold: 27            EV: 11    Int: 16    God:
                    SH:  0    Dex: 11

rFire   + + .      SeeInvis .    a - +0 falchion
rCold   x . .      Faith    .    (no shield)
rNeg    . . .      Spirit   .    b - +0 leather armour
rPois   ∞          Reflect  .    (no helmet)
rElec   .          Harm     .    (no cloak)
rCorr   .          Rampage  .    (no gloves)
Will    .....                    (boots unavailable)
Stlth   +.........               (no amulet)
HPRegen 0.24/turn                (no ring)
MPRegen 0.00/turn                (no ring)

@: flying, studying Axes, heavily drained
A: sickness immunity, fire resistance 2, cold vulnerability 1, float, innate
caster, HP casting, extra vitality 1
a: no special abilities


You were on level 2 of the Dungeon.
You visited 1 branch of the dungeon, and saw 2 of its levels.

You collected 27 gold pieces.

Inventory:

Hand Weapons
 a - a +0 falchion (weapon)
Armour
 b - a +0 leather armour (worn)
Scrolls
 d - a scroll of acquirement {unknown}
 e - 3 scrolls of poison {unknown}
 g - a scroll of vulnerability {unknown}
 h - 2 scrolls of identify {unknown}
Potions
 c - a potion of curing {unknown}
 f - a potion of resistance {unknown}
 i - a potion of degeneration {unknown}
 j - a potion of mutation {unknown}


   Skills:
 + Level 2.6 Fighting
 - Level 2.6 Long Blades
 + Level 1.6 Armour
 - Level 2.1 Dodging
 + Level 2.8 Spellcasting


You couldn't memorise any spells.
You knew the following spells:

 Your Spells              Type           Power      Damage    Failure   Level
a - Kiss of Death         Conj/Necr      44%        2d8       8%          1
b - Momentum Strike       Conj/Tloc      22%        3d8       12%         2
c - Hailstorm             Conj/Ice       11%        3d5       24%         3
d - Necrotise             Necr           44%        1d6       8%          1
Your spell library was empty.

Dungeon Overview and Level Annotations

Branches:
Dungeon (2/15)

Altars:


Innate Abilities, Weirdness & Mutations

You are immune to sickness and miasma.
You are immune to poison.
Your flesh is very heat resistant. (rF++)
You are vulnerable to cold. (rC-)
You float through the air rather than walking.
You learn spells naturally, not from books.
Your magical power is your life essence.
You have superior vitality. (+4 MHP)


Message History

There is an open door here.
You now have 27 gold pieces (gained 18).
An endoplasm comes into view.
The endoplasm quivers.
The endoplasm moves out of view.
A worm comes into view.
The endoplasm freezes you.
You are frozen!
You feel a terrible chill!
You hit the endoplasm.
You kill the endoplasm!
You hit the worm.
The worm is moderately wounded.
The worm bites you but does no damage.
You barely miss the worm.
The worm is moderately wounded.
You hit the worm.
The worm is heavily wounded.
The worm misses you.
You slash the worm!
The worm is almost dead.
The worm bites you!
* * * LOW HITPOINT WARNING * * *
Aiming: Kiss of Death (safe; 9% risk of failure)
Press: ? - help, Q - select action, (/) - cycle Shift-Dir - straight line, f - worm
Aim: a worm (severely wounded, 100% to hit)
The negative energy hits the worm!
The worm is drained!
You kill the worm!
You feel drained.
HP restored.
A goblin comes into view. It is wielding a +0 club.
The goblin shouts!
You hear a shout!
The goblin barely misses you.
You hit the goblin but do no damage. The goblin completely misses you.
You hit the goblin.
The goblin is heavily wounded.
A goblin comes into view. It is wielding a +0 club.
The goblin misses you.
You closely miss the goblin.
The goblin is heavily wounded.
The goblin shouts!
The goblin hits you but does no damage.
A dart slug comes into view.
You closely miss the goblin.
The goblin is heavily wounded.
The goblin barely misses you. The goblin closely misses you.
A goblin comes into view. It is wielding a +0 club.
You barely miss the goblin.
The goblin is heavily wounded.
The goblin hits you with a +0 club.
You hit the goblin.
You kill the goblin!
The goblin barely misses you.
A hobgoblin comes into view. It is wielding a +0 whip.
The dart slug launches a dart at you. The slug dart misses you.
A goblin comes into view. It is wielding a +0 spear.
The goblin barely misses you.
Things that are here:
a +0 club; a goblin corpse The dart slug bites you but does no damage.
The goblin hits you but does no damage.
Found a club.
The goblin hits you but does no damage. The dart slug bites you.
You closely miss the goblin. The goblin closely misses you.
The goblin hits you with a +0 spear. The dart slug misses you.
You closely miss the goblin. Your punch misses the goblin.
The goblin hits you with a +0 spear. The goblin hits you with a +0 club.
You hit the goblin.
You kill the goblin!
The goblin closely misses you. The dart slug closely misses you.
You barely miss the goblin. The goblin hits you with a +0 club. x2
The dart slug bites you but does no damage.
The goblin hits you with a +0 club. The goblin closely misses you.
You hit the goblin but do no damage. The goblin barely misses you.
The dart slug barely misses you. The goblin closely misses you.
You hit the goblin.
The goblin is moderately wounded.
The goblin hits you with a +0 club.
* * * LOW HITPOINT WARNING * * *
The goblin closely misses you. The dart slug barely misses you.
You hit the goblin.
You kill the goblin!
The goblin hits you but does no damage.
You completely miss the dart slug. The dart slug barely misses you.
The goblin hits you but does no damage.
You hit the dart slug.
The dart slug is lightly wounded.
The hobgoblin hits you with a +0 whip.
* * * LOW HITPOINT WARNING * * *
The goblin closely misses you. The dart slug launches a dart at you.
The slug dart hits you.
* * * LOW HITPOINT WARNING * * *
You hit the dart slug.
The dart slug is severely wounded.
The hobgoblin hits you with a +0 whip.
* * * LOW HITPOINT WARNING * * *
The goblin hits you with a +0 club.
* * * LOW HITPOINT WARNING * * *
The dart slug misses you. The hobgoblin hits you with a +0 whip.
You die...

##.........
#..........
#..........
#....######
#....#
#....#
##)...####
#.g.......
#.@w#####.
#.g#.#
#.#.#.# #.
#.#.# #.
#)#.# #.
#.#.# #.
#.#. #. #.


You could see a dart slug, a hobgoblin and a goblin.

Vanquished Creatures
  A worm (D:2)
  3 dart slugs (D:1)
  A ball python (D:1)
  3 endoplasms
  4 giant cockroaches
  6 goblins
  A hobgoblin (D:1)
  3 kobolds (D:1)
  2 quokkas (D:1)
  A bat (D:1)
  2 frilled lizards
27 creatures vanquished.

Notes
Turn   | Place    | Note
-------+----------+-------------------------------------------
     0 | D:1      | RascalDebosk the Djinni Reaver began the quest for the Orb.
     0 | D:1      | RascalDebosk set off with the following spells memorised:
                  | Kiss of Death, Momentum Strike, Hailstorm.
     0 | D:1      | Reached XP level 1. HP: 18/18 MP: 0/0
   120 | D:1      | Reached XP level 2. HP: 18/22 MP: 0/0
   294 | D:1      | Reached skill level 1 in Armour
   564 | D:1      | Reached XP level 3. HP: 18/26 MP: 0/0
   564 | D:1      | Learned a level 1 spell: Necrotise
  1137 | D:2      | HP: 1/24 [goblin/+0 club (2)]
  1137 | D:2      | Slain by a hobgoblin

Illustrated notes

Levels and vault maps discovered:
D:1:      eino_arrival_tree_alley, layout_loops_corners, nrook_mini_backslash
D:2:      layout_basic, minmay_fountain_box, minmay_circle_x

Skill      XL: |  1  2 |
---------------+-------+-----
Armour         | 1 |  1.6
Fighting       | |  2.6
Long Blades    | |  2.6
Dodging        | |  2.1
Spellcasting   | |  2.8

Action                   || total
-------------------------++-------
Melee: Falchion          ||    86
 Cast: Kiss of Death     ||     3
Armor: Leather armour    ||    22
Dodge: Dodged            ||    68

Table legend: (Time is in decaauts)
 A = Elapsed time spent in this place.
 B = Non-inter-level travel time spent in this place.
 C = Inter-level travel time spent in this place.
 D = Time resting spent in this place.
 E = Time spent auto-exploring this place.
 F = Levels seen in this place.
 G = Mean time per level.
                   A        B        C        D        E       F      G
               +--------+--------+--------+--------+--------+-----+--------+
         Total |   1150 |   1102 |     48 |      0 |    886 |   2 |  575.0 |
       Dungeon |   1150 |   1102 |     48 |      0 |    886 |   2 |  575.0 |
               +--------+--------+--------+--------+--------+-----+--------+

Top non-repeatable levels by time:
     D:1: 1009 daAuts
     D:2: 141 daAuts
